[Event "72nd RUS-ch Superfinal 2019"]
[Site "Izhevsk"]
[Date "2019.08.14"]
[Round "4.4"]
[White "Motylev, Alexander"]
[Black "Alekseenko, Kirill"]
[Result "1/2-1/2"]
[ECO "C44"]
[WhiteElo "2654"]
[BlackElo "2650"]
[Annotator "ChessBase"]
[PlyCount "90"]
[EventDate "2019.08.10"]
[EventType "tourn"]
[EventCountry "RUS"]
[SourceTitle "playchess.com"]
[Source "ChessBase"]
[SourceQuality "1"]
[TimeControl "40/5400+30:1800+30"]

1. e4 e5 2. Nf3 Nc6 3. d4 exd4 4. Nxd4 Nf6 5. Nc3 Bb4 6. Nxc6 bxc6 7. Bd3 d5 8. exd5 O-O 9. O-O cxd5 10. a3 Bd6 11. Nb5 Be5 12. f4 Bd6 13. b4 c5 14. Nxd6 Qxd6 15. Kh1 d4 16. bxc5 Qxc5 17. Rb1 Re8 18. Rb5 Qc6 19. Re5 Bb7 20. Qe2 Rxe5 21. fxe5 Re8 22. Bf4 Nh5 23. Bc4 d3 24. Bxd3 Nxf4 25. Rxf4 Rxe5 26. Qd2 g6 27. Bf1 Rd5 28. Qf2 Rd1 29. Kg1 Qd6 30. c4 Bxg2 31. Kxg2 Rd2 32. Be2 Rxe2 33. Qxe2 Qxf4 34. Qe7 Qg4+ 35. Kf2 Qd4+ 36. Kg2 Qd2+ 37. Kg1 Qd4+ 38. Kg2 a5 39. c5 Qb2+ 40. Kg1 Qb1+ 41. Kg2 Qb2+ 42. Kg1 Qd4+ 43. Kg2 Kg7 44. Qc7 Qb2+ 45. Kg1 Qd4+ 1/2-1/2

[Event "72nd RUS-ch Superfinal 2019"]
[Site "Izhevsk"]
[Date "2019.08.16"]
[Round "6.3"]
[White "Artemiev, Vladislav"]
[Black "Vitiugov, Nikita"]
[Result "0-1"]
[ECO "C48"]
[WhiteElo "2761"]
[BlackElo "2727"]
[Annotator "RC"]
[PlyCount "132"]
[EventDate "2019.08.10"]
[EventType "tourn"]
[EventCountry "RUS"]
[SourceTitle "playchess.com"]
[Source "ChessBase"]
[SourceQuality "1"]
[TimeControl "40/5400+30:1800+30"]

1. e4 e5 2. Nf3 Nc6 3. Nc3 Nf6 4. Bb5 Nd4 5. Bc4 Bc5 6. O-O d6 7. Nxd4 Bxd4 8. d3 Be6 9. Ne2 Bb6 10. Ng3 O-O 11. Bb3 a5 12. c3 h6 13. h3 d5 14. Qf3 a4 15. Bc2 Re8 16. Rd1 d4 17. c4 c6 18. Qe2 Nd7 19. Bd2 Ba5 20. b4 axb3 21. axb3 Bxd2 22. Qxd2 Qb6 23. Qe1 c5 24. Rdb1 Qd6 25. Qc1 Kh7 26. Ra3 Reb8 27. Rba1 Rxa3 28. Rxa3 g6 29. Ra7 Kg7 30. Kh2 Nf6 31. Bd1 Ng8 32. Be2 Ne7 33. h4 Nc6 34. Ra3 Qd8 35. h5 Ra8 36. hxg6 fxg6 37. Rxa8 Qxa8 38. Kg1 Qa5 39. f4 exf4 40. Qxf4 Qd8 41. Nf1 Qb8 42. Qh4 Qe5 43. Nh2 Qf6 44. Qg3 Qe5 45. Qh4 h5 46. Nf3 Qf6 47. Qg3 Bg4 48. Kf2 Kh6 49. Qc7 h4 50. Qxb7 Bxf3 51. gxf3 Qd6 52. e5 Nxe5 53. f4 Nd7 54. Bf3 Nf6 55. Qf7 h3 56. Kg3 h2 57. Kxh2 Qxf4+ 58. Kg2 Nh5 59. Qd5 Qd2+ 60. Kg1 Qe1+ 61. Kh2 Qf2+ 62. Bg2 Nf4 63. Qa8 Qxg2+ 64. Qxg2 Nxg2 65. Kxg2 Kg5 66. Kg3 Kf5 0-1